 Dungeon Crawl Stone Soup version 0.28.0-1-gb440e238dd (webtiles) character file.

Game seed: 1157109069845147846

8159 themarg the Destroyer (level 11, -4/96 HPs)
             Began as a Tengu Conjurer on Feb 20, 2022.
             Was an Initiate of Gozag.
             Slain by a minotaur (24 damage)
             ... in a Gauntlet.
             The game lasted 01:11:23 (13508 turns).

themarg the Destroyer (Tengu Conjurer)             Turns: 13508, Time: 01:11:25

Health: -4/96      AC: 25    Str:  8    XL:     11   Next: 26%
Magic:  13/25      EV:  2    Int: 22    God:    Gozag
Gold:   1290       SH:  0    Dex: 13    Spells: 2/29 levels left

rFire   . . .      SeeInvis .   m - +2 dagger (protect)
rCold   . . .      Faith    .   (no shield)
rNeg    . . .      Spirit   .   (armour currently unavailable)
rPois   +          Reflect  .   (helmet currently unavailable)
rElec   .          Harm     .   (cloak currently unavailable)
rCorr   .          Rampage  .   (gloves currently unavailable)
Will    .....      NoTele   +   (boots unavailable)
Stlth   +++.......              p - amulet of the acrobat
HPRegen 0.26/turn               N - ring of poison resistance
MPRegen 0.19/turn               D - ring of wizardry

@: brilliant, tree-form, acrobatic, very slightly contaminated
A: stationary, stasis, torment immunity, boosted hp, (beak), (talons 3), nimble
flight
a: Renounce Religion, Potion Petition, Call Merchant, Bribe Branch


You were in a Gauntlet.
You worshipped Gozag.
Gozag was most pleased with you.
You were a tree.
You visited 2 branches of the dungeon, and saw 11 of its levels.
You also visited: Gauntlet.

You collected 1661 gold pieces.
You spent 342 gold pieces at shops.
You paid 29 gold pieces to Gozag.

Inventory:

Hand Weapons
 m - a +2 dagger of protection (weapon)
 F - a +1 falchion of holy wrath
Missiles
 j - 24 poisoned darts
 G - a throwing net
Armour
 a - a +0 robe (melded)
 R - a +2 cloak of preservation (melded)
Jewellery
 c - a ring of willpower
 p - an amulet of the acrobat (around neck)
 z - a +4 ring of slaying
 D - a ring of wizardry (right branch)
 N - a ring of poison resistance (left branch)
 P - a +4 ring of protection
Wands
 q - a wand of paralysis (10)
 v - a wand of acid (7)
 w - a wand of mindburst (21)
 y - a wand of iceblast (9)
 C - a wand of charming (8)
 Q - a wand of flame (13)
Scrolls
 d - a scroll of magic mapping
 g - 5 scrolls of teleportation
 h - a scroll of enchant weapon
 k - 3 scrolls of fog
 o - a scroll of immolation
 r - 2 scrolls of silence
 s - a scroll of noise {unknown}
 t - a scroll of blinking {unknown}
 E - 2 scrolls of enchant armour
 H - a scroll of summoning {unknown}
 J - 3 scrolls of vulnerability {unknown}
 L - a scroll of holy word {unknown}
Potions
 b - a potion of mutation
 e - a potion of magic {unknown}
 f - 8 potions of curing
 i - 6 potions of heal wounds
 l - a potion of cancellation {unknown}
 n - 2 potions of might
 B - a potion of ambrosia {unknown}
 I - a potion of brilliance
 M - a potion of haste
 S - a potion of flight {unknown}
Miscellaneous
 O - a phial of floods


   Skills:
 * Level 6.2 Fighting
 - Level 3.1 Short Blades
 + Level 6.3 Dodging
 + Level 4.6 Stealth
 + Level 9.6 Spellcasting
 + Level 13.6 Conjurations
 + Level 1.1 Fire Magic
 + Level 0.1 Evocations


You had 2 spell levels left.
You knew the following spells:

 Your Spells              Type           Power      Damage    Failure   Level
a - Magic Dart            Conj           100%       1d8       0%          1
b - Searing Ray           Conj           100%       2d8       1%          2
c - Dazzling Flash        Conj/Hex       100%       N/A       1%          3
d - Iskenderun's Battles  Conj           82%        2d13      1%          5
e - Iskenderun's Mystic   Conj/Tloc      57%        2d12      1%          4
f - Fireball              Conj/Fire      29%        3d13      3%          5
g - Orb of Destruction    Conj           41%        9d11      9%          7

Your spell library contained the following spells:

 Spells                   Type           Power      Damage    Failure   Level
 Pain                     Necr           60%        1d7       2%          1
 Fulminant Prism          Conj/Hex       28%        3d14      1%          4
 Call Canine Familiar     Summ           15%        N/A       8%          3
 Portal Projectile        Hex/Tloc       30%        N/A       8%          3
 Tukima's Dance           Hex            15%        N/A       8%          3
 Conjure Ball Lightning   Conj/Air       28%        3x3d8     24%         6
 Iron Shot                Conj/Erth      28%        9d6       24%         6
 Anguish                  Hex/Necr       7%         N/A       26%         4
 Animate Dead             Necr           7%         N/A       26%         4
 Leda's Liquefaction      Hex/Erth       7%         N/A       26%         4
 Agony                    Necr           15%        N/A       54%         5
 Excruciating Wounds      Necr           7%         N/A       54%         5
 Spellforged Servitor     Conj/Summ      28%        N/A       75%         7
 Enfeeble                 Hex            7%         N/A       100%        7
 Haunt                    Necr/Summ      7%         N/A       100%        7
 Infestation              Necr           7%         N/A       100%        8


Dungeon Overview and Level Annotations

Branches:
Dungeon (9/15)             Temple (0/1) D:4            Lair (2/6) D:9
Gauntlet (1/1)
  Swamp: Lair:2-4    Shoals: Lair:2-4     Snake: Lair:2-4    Spider: Lair:2-4
    Orc: D:9-12

Altars:
Ashenzari
Elyvilon
Gozag
Qazlal
Sif Muna
Wu Jian
The Shining One

Shops:
D:1 [   D:2 *   D:4 =

Annotations:
D:3 2 transporters, issech's ghost, amateur TrMo
D:7 exclusion: downstairs
D:9 Harold Gauntlet 9 transporters, exclusion: 2 lightning spires


Innate Abilities, Weirdness & Mutations

You are a tree.
Your roots penetrate the ground, keeping you stationary.
You cannot be teleported.
You are immune to unholy pain and torment.
Your maximum health is greatly increased.
Your equipment is partially melded.
((You have a beak for a mouth.))
((You have claws for feet.))
Your magical nature lets you fly swiftly and evasively.


Message History

The javelin closely misses you.
Press: ? - help, v - describe, . - travel, g - get item
Here: a minotaur, wielding a +0 demon blade of pain, wearing the +7 chain mail "Zagaolen" {*Slow rN+++ Str+4}, wearing a +0 kite shield of cold resistance and quivering javelins (ally target)
Items here: : [ | ÷.
The floor, spattered with blood.
Okay, then.
You swap places.
Really quaff the potion of lignification?
You turn into a tree.
Your +2 cloak of preservation melds into your body.
Your +0 robe melds into your body.
Your roots penetrate the ground.
Casting: Orb of Destruction (dangerous; 9% risk of failure)
Confirm with . or Enter, or press ? or * to list all spells.
Aiming: Searing Ray (safe; 1% risk of failure)
Press: ? - help, Shift-Dir - straight line, f/p - minotaur
Aim: a minotaur, wielding a +0 demon blade of pain, wearing the +7 chain mail "Zagaolen" {*Slow rN+++ Str+4}, wearing a +0 kite shield of cold resistance and quivering javelins (92% to hit)
You feel a surge of power!
The searing ray hits the minotaur but does no damage. (Press . to maintain the ray.)
Your battlesphere fires!
The barrage of energy hits the minotaur.
The minotaur is lightly wounded.
The searing ray hits the minotaur but does no damage.
The minotaur is lightly wounded.
Your battlesphere fires!
The barrage of energy hits the minotaur.
The minotaur is lightly wounded.
The minotaur hits you with a +0 demon blade of pain!!
* * * LOW HITPOINT WARNING * * *
You writhe in agony.
* * * LOW HITPOINT WARNING * * *
The minotaur gores you but does no damage.
The searing ray hits the minotaur.
The minotaur is lightly wounded.
Your battlesphere fires!
The barrage of energy hits the minotaur!
The minotaur is moderately wounded.
The minotaur hits you with a +0 demon blade of pain!!
You die...
Your body crumbles into a pile of gold.

.:# .8# #### .H####
###8.# .8#.8###
#....# .*#....#
#.#..# °8#..#.#
#.#*♣##°##..#.#
#....H........#
#.#.##.#.##.#.#
#.#....#....#.#
###.#.#######.#.###
##≈...............≈##
#≈≈..8©8©8©8©8©8..≈≈#
##≈...............≈#
# ### ###
###################
###


You could see a minotaur (ally target) and a friendly battlesphere.

Vanquished Creatures
  A hydra (Lair:1)
  A two-headed ogre (D:8)
  A shining eye (Gauntlet)
  An ugly thing (D:9)
  An ice statue (Gauntlet)
  Maurice (D:9)
  A black mamba (Lair:1)
  2 komodo dragons
  Psyche (D:9)
  Maggie (D:8)
  A rime drake (Gauntlet)
  4 yaks (D:9)
  Grum (D:8)
  3 water moccasins
  2 floating eyes (Gauntlet)
  4 ice beasts
  3 sky beasts
  2 orc warriors
  An ogre (D:6)
  2 wolves (D:8)
  2 centaurs
  3 bullfrogs
  A gnoll sergeant (D:7)
  A wyvern zombie (D:7)
  8 wights
  A howler monkey (D:9)
  A bullfrog zombie (D:5)
  A centaur zombie (D:9)
  A gnoll shaman (D:7)
  3 hounds
  A jelly (D:7)
  2 orc priests
  2 iguanas
  7 orc wizards
  A killer bee zombie (D:6)
  14 gnolls
  5 adders
  3 adder skeletons
  6 worms
  3 dart slugs
  23 orcs
  9 ball pythons
  4 bats
  5 endoplasms
  4 giant cockroaches
  16 goblins
  7 hobgoblins
  3 jackals (D:2)
  8 kobolds
  4 quokkas
  6 frilled lizards
  5 rats
194 creatures vanquished.

Vanquished Creatures (others)
  6 plants (D:9)
6 creatures vanquished.

Grand Total: 200 creatures vanquished

Notes
Turn   | Place    | Note
-------+----------+-------------------------------------------
     0 | D:1      | themarg the Tengu Conjurer began the quest for the Orb.
     0 | D:1      | Reached XP level 1. HP: 10/10 MP: 4/4
   219 | D:1      | Found Giydotz's Antique Armour Shop.
   249 | D:1      | Reached XP level 2. HP: 15/15 MP: 4/6
   286 | D:1      | Learned a level 2 spell: Searing Ray
   578 | D:1      | Reached skill level 6 in Conjurations
  1116 | D:2      | Reached XP level 3. HP: 19/19 MP: 3/7
  1156 | D:2      | Found Rebiont's Assorted Antiques.
  1238 | D:2      | Learned a level 3 spell: Dazzling Flash
  1884 | D:2      | Found an opulent altar of Gozag.
  1898 | D:2      | Became a worshipper of Gozag Ym Sagoz the Greedy
  2083 | D:2      | Reached XP level 4. HP: 24/24 MP: 5/8
  3314 | D:3      | Reached skill level 7 in Conjurations
  3432 | D:3      | Found a stormy altar of Qazlal.
  3488 | D:3      | Found a transporter.
  3490 | D:3      | Found a transporter.
  3490 | D:3      | Noticed issech's ghost (amateur TrMo)
  3568 | D:3      | Gained mutation: Your magical nature lets you fly swiftly
                  | and evasively. [Tengu growth]
  3568 | D:3      | Reached XP level 5. HP: 28/28 MP: 4/10
  4288 | D:4      | Found Newir's Jewellery Shoppe.
  4473 | D:4      | Found a staircase to the Ecumenical Temple.
  4549 | D:4      | Found an ornate altar of the Wu Jian Council.
  5255 | D:5      | Entered Level 5 of the Dungeon
  5267 | D:5      | Reached skill level 8 in Conjurations
  5267 | D:5      | Reached XP level 6. HP: 32/32 MP: 8/11
  5378 | D:5      | Noticed an ice beast
  5385 | D:5      | Killed an ice beast
  5905 | D:5      | Noticed a sky beast
  5919 | D:5      | Killed a sky beast
  5920 | D:5      | Reached skill level 1 in Short Blades
  5920 | D:5      | Reached XP level 7. HP: 28/36 MP: 8/14
  6547 | D:6      | Reached skill level 9 in Conjurations
  6805 | D:6      | Reached XP level 8. HP: 26/42 MP: 7/16
  7025 | D:6      | Reached skill level 5 in Spellcasting
  7236 | D:6      | Found a broken altar of Ashenzari.
  7422 | D:6      | Found a shimmering blue altar of Sif Muna.
  7505 | D:6      | Learned a level 5 spell: Iskenderun's Battlesphere
  7835 | D:7      | Reached skill level 1 in Fighting
  8054 | D:7      | Reached skill level 10 in Conjurations
  8923 | D:2      | Bought 2 potions of curing for 114 gold pieces
  8923 | D:2      | Bought 2 potions of heal wounds for 190 gold pieces
  8923 | D:2      | Bought a scroll of identify for 38 gold pieces
  9261 | D:8      | Noticed Maggie
  9273 | D:8      | Killed Maggie
  9274 | D:8      | Reached XP level 9. HP: 25/48 MP: 1/19
  9767 | D:8      | Found a white marble altar of Elyvilon.
  9789 | D:8      | Reached skill level 11 in Conjurations
  9826 | D:8      | Noticed Grum
  9834 | D:8      | Killed Grum
 10082 | D:8      | Noticed a two-headed ogre
 10088 | D:8      | Killed a two-headed ogre
 10285 | D:8      | Reached XP level 10. HP: 39/56 MP: 13/22
 10628 | D:8      | Found a glowing golden altar of the Shining One.
 10851 | D:9      | Noticed Psyche
 10854 | D:9      | Killed Psyche
 10855 | D:9      | Reached skill level 5 in Dodging
 10855 | D:9      | Reached skill level 12 in Conjurations
 10950 | D:9      | Noticed Maurice
 10982 | D:9      | Killed Maurice
 11011 | D:9      | Noticed Harold
 11224 | D:9      | Found a staircase to the Lair.
 11488 | D:9      | Reached skill level 5 in Fighting
 11837 | D:9      | Noticed a red ugly thing
 11847 | D:9      | Killed a red ugly thing
 12161 | Lair:1   | Entered Level 1 of the Lair of Beasts
 12161 | Lair:1   | Noticed a black mamba
 12165 | Lair:1   | Killed a black mamba
 12318 | Lair:1   | Learned a level 4 spell: Iskenderun's Mystic Blast
 12324 | Lair:1   | Learned a level 5 spell: Fireball
 12339 | Lair:1   | Reached skill level 13 in Conjurations
 12464 | Lair:1   | Noticed a seven-headed hydra
 12468 | Lair:1   | Killed a seven-headed hydra
 12469 | Lair:1   | Reached XP level 11. HP: 64/64 MP: 9/25
 12872 | Lair:2   | Found a gate leading to a gauntlet.
 12905 | Lair:2   | Learned a level 7 spell: Orb of Destruction
 12906 | Gauntlet | Entered a Gauntlet
 12906 | Gauntlet | Noticed a shining eye
 12906 | Gauntlet | Found a transporter.
 12933 | Gauntlet | Found a transporter.
 12933 | Gauntlet | Found a transporter.
 12944 | Gauntlet | Found a transporter.
 12945 | Gauntlet | Found a transporter.
 12951 | Gauntlet | Noticed a death drake
 12953 | Gauntlet | Found a transporter.
 12957 | Gauntlet | Found a transporter.
 12965 | Gauntlet | Found a transporter.
 12970 | Gauntlet | Found a transporter.
 12978 | Gauntlet | Found a transporter.
 12999 | Gauntlet | Found a transporter.
 13011 | Gauntlet | Found a transporter.
 13023 | Gauntlet | Found a transporter.
 13035 | Gauntlet | Found a transporter.
 13039 | Gauntlet | Found a runed translucent door.
 13083 | Gauntlet | Killed a shining eye
 13328 | Gauntlet | Reached skill level 1 in Fire Magic
 13498 | Gauntlet | Found the +5 robe of Misfortune {Harm *Corrode *Slow EV+5}
 13498 | Gauntlet | Identified the +1 hand crossbow of Eternal Vigilance
                  | {venom, Will+ rCorr Int-4}
 13498 | Gauntlet | Identified the +7 chain mail "Zagaolen" {*Slow rN+++ Str+4}
 13498 | Gauntlet | Noticed a minotaur
 13508 | Gauntlet | Slain by a minotaur

Illustrated notes

Levels and vault maps discovered:
D:1:      lightli_arrival_isolated_outpost, layout_basic, serial_shops,
          nicolae_shop_stone
D:2:      cheibrodos_greedy_goblins, layout_basic, basic_altar, serial_shops,
          shop, minmay_ruptured
D:3:      layout_basic, nicolae_qazlal_general_emergency, gammafunk_ghost_arena
D:4:      layout_rooms, nicolae_wu_jian_wuxing_cycle,
          minmay_temple_entry_statues_pillars, serial_shops, shop_statue,
          st_stairs_9, grunt_ministairs_11, hangedman_decor_clover_reticule
D:5:      layout_cave_pods
D:6:      layout_rooms, nicolae_ashenzari_skybound, general_overflow_altar
D:7:      layout_basic, enter_bailey_5
D:8:      layout_basic, lemuel_tele_altar, nicolae_overflow_hidden_temple,
          item_on_display_a, uniq_grum, uniq_maggie
D:9:      layout_basic, david_lair_shrubbed, dk_noncrumbling_3, abandoned_shop,
          billiards_dpeg, uniq_psyche, uniq_harold, uniq_maurice
Lair:1:   layout_hall_layers, serial_bayou_shore_b, grunt_megastairs_1
Lair:2:   layout_misc_corridors, minmay_swamp_entry_wisps,
          gauntlet_entry_generic, nzn_masters_of_martial_movement,
          uniq_gastronok, uniq_prince_ribbit2
Gauntlet: gammafunk_gauntlet_77_escape_option [minmay_gauntlet_arena_77_path,
          minmay_gauntlet_arena_77_chump_sandwich,
          minmay_gauntlet_arena_77_radiant_squares,
          minmay_gauntlet_arena_77_p_blocks, minmay_gauntlet_arena_77_checkered,
          nicolae_gauntlet_exit_dead_adventurers]

Skill      XL: |  1  2  3  4  5  6  7  8  9 10 11 |
---------------+----------------------------------+-----
Conjurations   | 6 7 8 9 10 11 13 | 13.6
Spellcasting   | 3 4 6 7 9 |  9.6
Stealth        | 3 4 |  4.6
Short Blades   | 1 2 3 |  3.1
Dodging        | 3 4 6 |  6.3
Fighting       | 1 4 5 6 |  6.2
Fire Magic     | 1 |  1.1
Evocations     | |  0.1

Action                   |  1- 3 |  4- 6 |  7- 9 | 10-12 || total
-------------------------+-------+-------+-------+-------++-------
Melee: Short sword       |     8 |     6 |       |       ||    14
       Kick              |     3 |    14 |    16 |     3 ||    36
       Peck              |     2 |     6 |     9 |     2 ||    19
       Dagger            |       |    35 |    48 |     7 ||    90
       Punch             |       |     1 |       |       ||     1
 Cast: Magic Dart        |    71 |   115 |    99 |    21 ||   306
       Searing Ray       |     2 |     8 |    49 |    23 ||    82
       Iskenderun's Batt |       |       |     9 |    18 ||    27
       Dazzling Flash    |       |       |     1 |       ||     1
       Fireball          |       |       |       |    13 ||    13
       Orb of Destructio |       |       |       |     1 ||     1
Evoke: Wand              |       |       |     1 |       ||     1
  Use: Scroll            |       |     3 |     8 |     2 ||    13
       Potion            |       |       |       |     2 ||     2
Armor: Robe              |     5 |     7 |    17 |     4 ||    33
       Skin              |       |       |       |     1 ||     1
Dodge: Dodged            |     4 |    28 |    39 |    38 ||   109
